 Dungeon Crawl Stone Soup version 0.27.1-1-g398f81649c (webtiles) character file.

Game seed: 8869515990653475993

35452 rogsnak the Eclecticist (level 14, 0/88 HPs)
             Began as a Djinni Fire Elementalist on Sept 8, 2021.
             Was an Elder of Makhleb.
             Slain by a polar bear (7 damage)
             ... summoned by an orange crystal statue
             ... in an ice cave on Sept 9, 2021.
             The game lasted 00:47:11 (15449 turns).

rogsnak the Eclecticist (Djinni Fire Elementalist) Turns: 15449, Time: 00:47:12

Health: 0/88       AC: 15    Str:  7      XL:     14   Next: 18%
Gold:   740        EV: 12    Int: 26 (28) God:    Makhleb [****..] SH: 14 Dex: 14

rFire    + + +     SeeInvis .   Q - +3 Elemental Staff {rElec rF++ rC++ Will++ AC+5}
rCold    + + .     Faith    .   x - +0 kite shield
rNeg     . . .     Spirit   .   t - +2 robe {rC+}
rPois    ∞         Reflect  +   N - +0 helmet
rElec    +         Harm     .   (no cloak)
rCorr    .         Rampage  .   g - +0 pair of gloves
Will     +++..                  (boots unavailable)
Stlth    ++........             c - amulet of reflection
HPRegen  0.24/turn              E - +4 ring of protection
MPRegen  0.00/turn              v - +6 ring of intelligence

@: flying
A: sickness immunity, fire resistance 2, cold vulnerability 1, float, innate
caster, hp casting, extra vitality 1
a: Renounce Religion, Minor Destruction, Lesser Servant of Makhleb, Major
Destruction


You were in an ice cave.
You worshipped Makhleb.
Makhleb was greatly pleased with you.
You visited 2 branches of the dungeon, and saw 14 of its levels.
You also visited: Sewer and Ice Cave.

You collected 740 gold pieces.

Inventory:

Hand Weapons
 d - a +0 whip of electrocution
 O - the +7 pair of quick blades "Gyre" and "Gimble" {protect}
   (You found it on level 8 of the Dungeon)

   It grants its wielder temporary protection when it strikes (+7 to AC).
 Q - the +3 Elemental Staff (weapon) {rElec rF++ rC++ Will++ AC+5}
   (You found it on level 9 of the Dungeon)

   If the wielder is skilled in Evocations, they can discharge powerful blasts
   of elemental energy when striking with it.
   It enhances your fire, ice, earth and air magic.
   AC:        It affects your AC (+5).
   rF:        It greatly protects you from fire.
   rC:        It greatly protects you from cold.
   rElec:     It insulates you from electricity.
   Will:      It greatly increases your willpower.
Missiles
 k - 6 throwing nets
 o - 12 javelins
 w - 24 poisoned darts
Armour
 g - a +0 pair of gloves (worn)
 t - a +2 robe of cold resistance (worn)
 x - a +0 kite shield (worn)
 G - +0 steam dragon scales
 N - a +0 helmet (worn)
 S - the +3 hat of Pondering {ponderous, Will+ MP+10 Int+5}
   (You took it off Gastronok on level 9 of the Dungeon)

   Int:       It affects your intelligence (+5).
   MP:        It affects your magic capacity (+10).
   Will:      It increases your willpower.
 U - +0 acid dragon scales
Jewellery
 c - an amulet of reflection (around neck)
 r - a ring of fire
 v - a +6 ring of intelligence (right hand)
 E - a +4 ring of protection (left hand)
Wands
 p - a wand of iceblast (20)
 D - a wand of acid (16)
 H - a wand of flame (28)
 I - a wand of charming (9)
 J - a wand of polymorph (14)
Scrolls
 e - a scroll of enchant weapon
 i - 2 scrolls of immolation
 m - 8 scrolls of teleportation
 q - 4 scrolls of blinking {unknown}
 y - a scroll of holy word
 A - 2 scrolls of magic mapping
 B - 4 scrolls of enchant armour {unknown}
 K - 3 scrolls of fog
 W - a scroll of summoning
Potions
 b - a potion of attraction
 f - 2 potions of haste {unknown}
 h - a potion of ambrosia
 n - 2 potions of degeneration {unknown}
 s - 4 potions of heal wounds {unknown}
 u - 2 potions of lignification {unknown}
 z - 4 potions of resistance {unknown}
 F - a potion of cancellation {unknown}
 L - 2 potions of curing {unknown}
 M - 2 potions of brilliance {unknown}
 P - a potion of might {unknown}
 V - 2 potions of magic {unknown}
Miscellaneous
 a - a lightning rod (4/4)
 T - a tin of tremorstones (2/2)


   Skills:
 + Level 3.7 Fighting
 + Level 2.1 Staves
 + Level 6.0 Dodging
 - Level 2.0 Stealth
 + Level 5.0 Shields
 + Level 15.8 Spellcasting
 - Level 4.0 Evocations


You had 10 spell levels left.
You knew the following spells:

 Your Spells              Type           Power      Damage    Failure   Level
a - Foxfire               Conj/Fire      100%       2x1d9     0%          1
b - Conjure Flame         Conj/Fire      100%       6-21      1%          3
c - Inner Flame           Hex/Fire       100%       N/A       1%          3
d - Sticky Flame          Conj/Fire      100%       2d11      1%          4
e - Fireball              Conj/Fire      50%        3d20      1%          5
f - Summon Small Mammal   Summ           100%       N/A       0%          1
g - Searing Ray           Conj           100%       3d7       1%          2
h - Lesser Beckoning      Tloc           40%        N/A       1%          3
i - Ozocubu's Armour      Ice            100%       N/A       1%          3
j - Animate Dead          Necr           40%        N/A       1%          4
k - Agony                 Necr           80%        N/A       1%          5
Your spell library was empty.

Dungeon Overview and Level Annotations

Branches:
Dungeon (15/15)            Temple (1/1) D:5            Lair (0/6) D:10
    Orc (0/2) D:12         Depths (0/5) D:15          Sewer (visited)
  IceCv (1/1)
 Vaults: D:13-14

Altars:
Ashenzari
Cheibriados
Dithmenos
Elyvilon
Fedhas
Gozag
Hepliaklqana
Kikubaaqudgha
Makhleb
Nemelex Xobeh
Okawaru
Qazlal
Ru
Sif Muna
Trog
Uskayaw
Vehumet
Wu Jian
Xom
Yredelemnul
Zin
The Shining One

Shops:
D:1 *   D:3 *   D:5 (   D:10 [

Annotations:
D:11 2 transporters IceCv exclusion: orange crystal statue


Innate Abilities, Weirdness & Mutations

You are immune to sickness and miasma.
You are immune to poison.
Your flesh is very heat resistant. (rF++)
You are vulnerable to cold. (rC-)
You float through the air rather than walking.
You learn spells naturally, not from books.
Your magical power is your life essence.
You have superior vitality. (+4 HP)


Message History

The polar bear claws you.
Unknown command.
The searing ray hits the ironbound frostheart!
The ironbound frostheart is moderately wounded.
The searing ray hits the orange crystal statue!
The orange crystal statue is severely damaged.
The ice encasing you melts away. The polar bear bites you.
The polar bear claws you. You block the polar bear's attack.
The ironbound frostheart calls freezing cold from the walls.
The frost grips you!! You partially resist.
* * * LOW HITPOINT WARNING * * *
You are encased in ice.
The orange crystal statue fixes its piercing gaze on you.
Unknown command.
Unknown command.
The searing ray hits the ironbound frostheart!
The ironbound frostheart is heavily wounded.
The searing ray hits the orange crystal statue.
The orange crystal statue is almost destroyed.
* * * LOW HITPOINT WARNING * * *
You finish channeling your searing ray.
The polar bear bites you.
* * * LOW HITPOINT WARNING * * *
You block the polar bear's attack. x2
The orange crystal statue fixes its piercing gaze on you.
Something tries to feed on your intellect!
Unknown command.
Unknown command.
The ironbound frostheart calls freezing cold from the walls.
The frost grips you! You partially resist.
* * * LOW HITPOINT WARNING * * *
You block the polar bear's attack.
The polar bear claws you but does no damage.
You block the polar bear's attack.
Unknown command.
Unknown command.
The ice encasing you melts away.
Unknown command.
The polar bear bites you!
You die...

########
##.#..p.##
#####...h.#..#
##..∩##.@####..#
#∩..####..# ..#
#....# #..## ..#
#...####...# .8.
##..####...##
#...
#...##...###
.### #..##.†.##
#. #.....†##
##...###


You could see an ironbound frostheart (summoned) and a polar bear (summoned).

Vanquished Creatures
  Gastronok (D:9)
  Fannar (D:12)
  Harold (D:9)
  3 boulder beetles
  3 centaur warriors
  2 hydras
  7 two-headed ogres
  An ogre mage (D:15)
  A death knight (D:15)
  3 death yaks
  A deep elf knight (D:15)
  A phantasmal warrior (D:15)
  6 ugly things
  A cyclops (D:10)
  A manticore (D:10)
  Maurice (D:9)
  2 gargoyles
  3 rime drakes (IceCv)
  2 unseen horrors
  2 tengu conjurers (D:15)
  4 trolls
  3 meliai (D:15)
  2 hornets (D:9)
  A polar bear (IceCv)
  Grinder (D:5)
  8 slime creatures (D:12)
  A centaur simulacrum (D:10)
  Sigmund (D:6)
  A spriggan (D:8)
  A wyvern (D:9)
  20 yaks
  A vampire (D:12)
  2 wraiths (D:15)
  A basilisk (D:12)
  A steam dragon (D:6)
  An acid dragon (D:10)
  A water moccasin (D:6)
  4 orc warriors
  A sky beast (D:5)
  A black bear (D:6)
  6 ogres
  The ghost of AttackTheMoon the Magician, an amateur GnWz (D:3)
  A centaur (D:6)
  3 kobold brigands (D:12)
  7 gnoll sergeants
  2 bullfrogs (D:8)
  5 scorpions
  5 killer bees (D:8)
  9 wights
  6 howler monkeys
  2 centaur zombies (D:6)
  A centaur skeleton (D:7)
  2 hounds
  A jelly (D:4)
  4 orc priests
  3 gnoll shamans
  2 bullfrog skeletons
  4 iguanas
  9 orc wizards
  2 merfolk sirens (Sewer)
  A merfolk avatar (Sewer)
  A statue (D:8)
  A scorpion simulacrum (D:3)
  A howler monkey zombie (D:9)
  31 gnolls
  10 adders
  4 river rats
  2 white imps
  An ufetubus (D:5)
  A worm (D:2)
  5 dart slugs
  An adder simulacrum (D:3)
  28 orcs
  8 endoplasms
  4 giant cockroaches
  5 goblins
  8 hobgoblins
  6 jackals (D:1)
  14 kobolds
  7 quokkas
  11 ball pythons
  A ball python simulacrum (D:3)
  10 bats
  4 frilled lizards
  2 jackal simulacra (D:3)
  27 rats
368 creatures vanquished.

Vanquished Creatures (others)
  691 foxfires
691 creatures vanquished.

Grand Total: 1059 creatures vanquished

Notes
Turn   | Place    | Note
-------+----------+-------------------------------------------
     0 | D:1      | rogsnak the Djinni Fire Elementalist began the quest for
                  | the Orb.
     0 | D:1      | Reached XP level 1. HP: 15/15 MP: 0/0
    86 | D:1      | Found Ogirphes's General Store.
    95 | D:1      | Reached XP level 2. HP: 9/21 MP: 0/0
   344 | D:1      | Found a faded altar of an unknown god.
   625 | D:1      | Reached skill level 3 in Spellcasting
   669 | D:1      | Reached XP level 3. HP: 22/25 MP: 0/0
   669 | D:1      | Learned a level 1 spell: Summon Small Mammal
  1497 | D:2      | Reached XP level 4. HP: 25/31 MP: 0/0
  2381 | D:2      | Reached XP level 5. HP: 18/35 MP: 0/0
  2381 | D:2      | Learned a level 2 spell: Searing Ray
  2941 | D:3      | Found Qyuro's Assorted Antiques.
  3199 | D:3      | Reached skill level 4 in Spellcasting
  3280 | D:3      | Noticed AttackTheMoon's ghost (amateur GnWz)
  3353 | D:3      | Found a runed translucent gate.
  3354 | D:3      | Found a runed translucent gate.
  3355 | D:3      | Found a runed translucent gate.
  3377 | D:3      | Killed AttackTheMoon's ghost
  3378 | D:3      | Reached XP level 6. HP: 19/41 MP: 0/0
  3867 | D:3      | Found an iron altar of Okawaru.
  4425 | D:4      | Noticed an ogre
  4429 | D:4      | Killed an ogre
  4430 | D:4      | Reached skill level 1 in Shields
  4430 | D:4      | Reached skill level 5 in Spellcasting
  4487 | D:4      | Reached XP level 7. HP: 30/46 MP: 0/0
  4487 | D:4      | Learned a level 3 spell: Lesser Beckoning
  4597 | D:4      | Found an ornate altar of the Wu Jian Council.
  5090 | D:4      | Reached skill level 1 in Fighting
  5140 | D:4      | Reached skill level 6 in Spellcasting
  5262 | D:4      | Reached XP level 8. HP: 51/52 MP: 0/0
  5436 | D:4      | Found a sparkling altar of Nemelex Xobeh.
  5449 | D:4      | Found a glowing silver altar of Zin.
  5786 | D:5      | Entered Level 5 of the Dungeon
  5801 | D:5      | Found a shadowy altar of Dithmenos.
  5806 | D:5      | Noticed Grinder
  5813 | D:5      | Killed Grinder
  5814 | D:5      | Reached skill level 7 in Spellcasting
  5824 | D:5      | Found a glowing drain.
  5838 | Sewer    | Entered a sewer
  6520 | D:5      | Reached XP level 9. HP: 55/58 MP: 0/0
  6520 | D:5      | Learned a level 3 spell: Ozocubu's Armour
  6675 | D:5      | Found a staircase to the Ecumenical Temple.
  6685 | Temple   | Entered the Ecumenical Temple
  6866 | Temple   | Became a worshipper of Makhleb the Destroyer
  6936 | D:5      | Found Ycaeppuf's Weapon Emporium.
  6974 | D:5      | Reached skill level 8 in Spellcasting
  7195 | D:5      | You are sucked into a shaft and drop 2 floors!
  7683 | D:6      | Noticed Sigmund
  7781 | D:6      | Killed Sigmund
  8222 | D:5      | Found a glowing golden altar of the Shining One.
  8241 | D:5      | Reached skill level 9 in Spellcasting
  8942 | D:7      | Found a sacrificial altar of Ru.
  9021 | D:7      | You are sucked into a shaft and drop 2 floors!
  9042 | D:9      | Noticed a centaur warrior
  9047 | D:9      | Killed a centaur warrior
  9048 | D:9      | Reached skill level 5 in Dodging
  9048 | D:9      | Reached XP level 10. HP: 53/67 MP: 0/0
  9048 | D:9      | Noticed Maurice
  9056 | D:9      | Killed Maurice
  9057 | D:9      | Reached skill level 10 in Spellcasting
  9061 | D:9      | Noticed Harold
  9078 | D:9      | Killed Harold
  9345 | D:8      | Reached * piety under Makhleb
  9363 | D:8      | Reached XP level 11. HP: 16/71 MP: 0/0
  9363 | D:8      | Learned a level 4 spell: Animate Dead
  9367 | D:8      | Reached skill level 11 in Spellcasting
 10745 | D:8      | Noticed a two-headed ogre
 10747 | D:8      | Killed a two-headed ogre
 10828 | D:8      | Noticed a two-headed ogre
 10828 | D:8      | Noticed a two-headed ogre
 10834 | D:8      | Killed a two-headed ogre
 10836 | D:8      | Killed a two-headed ogre
 10837 | D:8      | Reached skill level 12 in Spellcasting
 10840 | D:8      | Found the +7 pair of quick blades "Gyre" and "Gimble"
                  | {protect}
 11257 | D:8      | Found a shimmering altar of Xom.
 11299 | D:9      | Reached ** piety under Makhleb
 11411 | D:9      | Found a blossoming altar of Fedhas.
 11512 | D:9      | Found the +3 Elemental Staff {rElec rF++ rC++ Will++ AC+5}
 11576 | D:9      | Reached skill level 1 in Evocations
 11593 | D:9      | Noticed Gastronok
 11598 | D:9      | Killed Gastronok
 11599 | D:9      | Reached XP level 12. HP: 51/76 MP: 0/0
 11800 | D:9      | Noticed a two-headed ogre
 11806 | D:9      | Killed a two-headed ogre
 12161 | D:10     | Entered Level 10 of the Dungeon
 12183 | D:10     | Found Qucwicsam's Armour Shop.
 12236 | D:10     | Found a broken altar of Ashenzari.
 12344 | D:10     | Identified the +6 glaive of the Freezing Queen {drain, rN+
                  | Int+3}
 12344 | D:10     | Noticed a death yak
 12345 | D:10     | Noticed a death yak
 12369 | D:10     | Killed a death yak
 12370 | D:10     | Reached skill level 13 in Spellcasting
 12371 | D:10     | Noticed a death yak
 12387 | D:9      | Killed a death yak
 12660 | D:10     | Killed a death yak
 12893 | D:10     | Found a staircase to the Lair.
 12959 | D:10     | Found a white marble altar of Elyvilon.
 13304 | D:11     | Noticed a boulder beetle
 13523 | D:11     | Killed a boulder beetle
 13635 | D:11     | Found a transporter.
 13637 | D:11     | Found a transporter.
 13637 | D:11     | Noticed a boulder beetle
 13637 | D:11     | Noticed a boulder beetle
 13639 | D:11     | Noticed a boulder beetle
 13925 | D:12     | Noticed Fannar
 13941 | D:12     | Killed Fannar
 13955 | D:12     | Reached *** piety under Makhleb
 13956 | D:12     | Reached XP level 13. HP: 74/82 MP: 0/0
 13956 | D:12     | Learned a level 5 spell: Agony
 13963 | D:12     | Reached skill level 14 in Spellcasting
 13964 | D:12     | Noticed a boulder beetle
 13981 | D:12     | Killed a boulder beetle
 14145 | D:12     | Reached skill level 1 in Staves
 14288 | D:12     | Noticed a boulder beetle
 14291 | D:12     | Killed a boulder beetle
 14467 | D:12     | Noticed a five-headed hydra
 14470 | D:12     | Killed a five-headed hydra
 14680 | D:12     | Found a staircase to the Orcish Mines.
 14688 | D:12     | Reached **** piety under Makhleb
 14984 | D:12     | You are sucked into a shaft and drop 3 floors!
 14984 | D:15     | Entered Level 15 of the Dungeon
 15021 | D:15     | Noticed an ogre mage
 15026 | D:15     | Killed an ogre mage
 15027 | D:15     | Noticed a centaur warrior
 15029 | D:15     | Killed a centaur warrior
 15030 | D:15     | Reached skill level 15 in Spellcasting
 15040 | D:15     | Noticed a centaur warrior
 15042 | D:15     | Killed a centaur warrior
 15241 | D:15     | Noticed a six-headed hydra
 15243 | D:15     | Killed a six-headed hydra
 15244 | D:15     | Reached XP level 14. HP: 82/88 MP: 0/0
 15254 | D:15     | Reached skill level 5 in Shields
 15257 | D:15     | Found a frozen archway.
 15386 | IceCv    | Entered an ice cave
 15449 | IceCv    | Slain by a polar bear

Illustrated notes

Levels and vault maps discovered:
D:1:      doesnt_arrival_eight_statues, layout_basic, serial_shops, shop,
          basic_ecumenical_altar
D:2:      layout_basic, chequers_serial_rivers_micro_e
D:3:      layout_basic, okawaru_altar_gauntlet_db, gammafunk_ghost_icy,
          serial_shops, shop, roderic_serpentine_path, glass_columns_b
D:4:      layout_loops_ring, lemuel_round_altar, nemelex_diamond_rough_becter,
          lemuel_round_altar, minmay_quantized
D:5:      layout_basic, nicolae_dithmenos_the_darkroom,
          mainiacjoe_overflow_cross_hatched, minmay_temple_entry_glass,
          serial_shops, nicolae_stop_n_shop_2, portal_sewer_entry_d,
          amcnicky_mini_pool_small, kennysheep_generic_room_15, uniq_grinder
D:6:      layout_cave_pools, st_stairs_1, uniq_sigmund
D:7:      layout_loops_ring, nicolae_overflow_crystal_walls
D:8:      layout_loops_ring, vehumet_statue, mainiacjoe_overflow_alcove_4,
          hellmonk_guarded_unrand_gyre_and_gimble
D:9:      layout_gridville, grunt_temple_overflow_growth_and_decay,
          uniq_maurice, uniq_gastronok, uniq_harold
D:10:     layout_basic, nicolae_ashenzari_panopticon,
          mainiacjoe_overflow_six_doors_small, dpeg_lair_monsters, serial_shops,
          shop, lightli_minifort
D:11:     gammafunk_boulding_lane, layout_long_grid
D:12:     layout_long_grid, kennysheep_orc_monster_closet_entryway, uniq_fannar
D:15:     grunt_enter_depths_magical_seal, layout_gridville,
          minmay_misc_feat_ornament, portal_ice_cave_entry_pillars_four,
          nicolae_lava_and_water
Temple:   grunt_temple_mini_profane
IceCv:    ice_cave_caverns_03

Skill      XL: |  1  2  3  4  5  6  7  8  9 10 11 12 13 14 |
---------------+-------------------------------------------+-----
Spellcasting   | 3 4 5 6 7 9 10 12 13 15 | 15.8
Stealth        | 2 |  2.0
Dodging        | 3 5 6 |  6.0
Shields        | 1 2 3 4 5 |  5.0
Fighting       | 1 3 |  3.7
Evocations     | 2 4 |  4.0
Staves         | 2 |  2.1

Action                   |  1- 3 |  4- 6 |  7- 9 | 10-12 | 13-15 || total
-------------------------+-------+-------+-------+-------+-------++-------
Melee: Unarmed           |     1 |       |       |       |       ||     1
       Whip              |    20 |    26 |    68 |     3 |       ||   117
       Quarterstaff      |     1 |       |       |       |       ||     1
       Staff             |       |       |       |     5 |     2 ||     7
 Cast: Foxfire           |    67 |    93 |   212 |    56 |    12 ||   440
       Sticky Flame      |       |     3 |     6 |     6 |     3 ||    18
       Conjure Flame     |       |     1 |       |     3 |       ||     4
       Fireball          |       |       |     7 |    67 |    67 ||   141
       Inner Flame       |       |       |     3 |    22 |    14 ||    39
       Ozocubu's Armour  |       |       |     2 |     4 |     2 ||     8
       Searing Ray       |       |       |       |     4 |     3 ||     7
       Summon Small Mamm |       |       |       |     2 |       ||     2
       Animate Dead      |       |       |       |     6 |     3 ||     9
  Use: Scroll            |       |       |       |       |    12 ||    12
 Stab: Sleeping          |       |       |     2 |       |       ||     2
Armor: Robe              |     7 |    13 |    16 |     4 |     8 ||    48
Dodge: Dodged            |    35 |    30 |    52 |     6 |     7 ||   130
Block: Other             |     8 |     9 |    18 |       |       ||    35
       Reflection        |       |     4 |     4 |     3 |     4 ||    15
       Kite shield       |       |       |       |    12 |    18 ||    30
